Map: Deathaura LE

Players

Nice - Winner!

  • Race: Protoss Protoss
  • Spawn Location: 5:00

Hurricane

  • Race: Protoss Protoss
  • Spawn Location: 11:00

Event: IEM Katowice 2021

VOD

Have the link to the VOD?

Description

Time

  • Played on: Feb. 20, 2021, 8:15 a.m.
  • Length: 6:42

All games in this series

Show
View Real Time Build Order
Export as new Build Order

Nice Protoss - Winner!

Build Orders:  

Get SALT Encoding   

  12  0:00  Probe  
  13  0:12  Probe  
  14  0:19  Pylon  
  14  0:24  Probe (Chrono Boost)  
  15  0:37  Gateway  
  15  0:39  Probe (Chrono Boost)  
  16  0:44  Probe (Chrono Boost)  
  16  0:47  Assimilator  
  17  0:50  Assimilator  
  17  0:53  Probe (Chrono Boost)  
  18  1:06  Probe (Chrono Boost)  
  18  1:07  Gateway  
  19  1:14  Probe (Chrono Boost)  
  20  1:20  Probe  
  20  1:25  Cybernetics Core  
  21  1:32  Probe  
  22  1:36  Pylon  
  22  1:44  Probe  
  23  2:01  Robotics Facility  
  23  2:03  Stalker, Warp Gate  
  25  2:11  Stalker  
  27  2:17  Pylon  
  27  2:33  Stalker  
  29  2:41  Stalker  
  30  2:47  Immortal (Chrono Boost)  
  34  2:59  Pylon  
  34  3:12  Shield Battery  
  34  3:21  Warp Prism (Chrono Boost)  
  34  3:25  Probe  
  35  3:42  Gateway  
  35  3:45  Gateway  
  35  3:52  Observer  
  35  3:54  Sentry x2  
  40  4:11  Immortal (Chrono Boost)  
  44  4:29  Adept  
  46  4:32  Pylon  
  46  4:33  Pylon  
  46  4:53  Adept  
  46  4:55  Adept x2  
  46  4:57  Adept  
  54  5:08  Immortal (Chrono Boost)  
  58  5:20  Pylon  
  58  5:22  Sentry  
  56  5:33  Adept, Sentry  
  56  5:34  Sentry  
  62  5:50  Immortal  
  62  6:04  Pylon  
  62  6:06  Adept  
Show
View Real Time Build Order
Export as new Build Order

Hurricane Protoss 

Build Orders:  

Get SALT Encoding   

  12  0:00  Probe  
  13  0:12  Probe  
  14  0:17  Pylon  
  14  0:24  Probe (Chrono Boost)  
  15  0:37  Probe (Chrono Boost), Gateway  
  16  0:45  Probe (Chrono Boost)  
  16  0:47  Assimilator  
  17  0:51  Probe  
  18  0:57  Assimilator  
  18  1:03  Probe (Chrono Boost)  
  19  1:10  Gateway  
  19  1:14  Probe (Chrono Boost)  
  20  1:19  Probe (Chrono Boost)  
  20  1:25  Cybernetics Core  
  21  1:30  Probe  
  22  1:36  Pylon  
  22  1:42  Probe  
  23  1:54  Probe  
  24  2:01  Stalker x2  
  24  2:05  Warp Gate (Chrono Boost)  
  28  2:14  Pylon  
  28  2:26  Pylon  
  28  2:31  Sentry  
  28  2:33  Sentry  
  32  2:41  Probe  
  33  2:45  Robotics Facility  
  33  2:57  Shield Battery  
  33  3:00  Gateway  
  33  3:03  Stalker (Chrono Boost)  
  35  3:12  Stalker (Chrono Boost)  
  37  3:15  Pylon  
  37  3:35  Immortal  
  41  3:45  Stalker x2  
  45  3:54  Pylon  
  43  4:06  Stalker  
  45  4:17  Warp Prism (Chrono Boost)  
  43  4:26  Stalker  
  43  4:28  Sentry  
  47  4:34  Stalker  
  49  4:52  Immortal (Chrono Boost)  
  51  5:01  Pylon  
  49  5:12  Adept x2  
  53  5:18  Adept  
  55  5:34  Adept x2  
  59  5:46  Immortal (Chrono Boost)  
  63  5:52  Pylon  
  63  5:58  Adept  
  53  6:29  Adept x2  
  53  6:31  Adept  

Tags
 
Add a new tag
Caveats
  • Supply blocks, unpowered buildings, or Contaminate may cause inaccurate times.
  • Supply counts are checked every 10 seconds.